 Dungeon Crawl Stone Soup version 0.23-a0-151-gf6d1ed2 (webtiles) character file.

135 Amnesiac the Chiller (level 4, -1/30 HPs)
             Began as a Mummy Ice Elementalist on Sept 8, 2018.
             Slain by a bullfrog skeleton (7 damage)
             ... on level 4 of the Dungeon.
             The game lasted 00:04:48 (1497 turns).

Amnesiac the Chiller (Mummy Ice Elementalist)       Turns: 1497, Time: 00:04:49

Health: -1/30      AC:  4    Str: 11    XL:     4   Next: 97%
Magic:  4/10       EV: 12    Int: 15    God:
Gold:   78         SH:  0    Dex: 12    Spells: 3/11 levels left

rFire    . . .     SeeInvis .   b - +1 dagger
rCold    . . .     Gourm    .   (no shield)
rNeg     + + +     Faith    .   a - +0 robe
rPois    ∞         Spirit   .   k - +1 helmet
rElec    .         Reflect  .   (no cloak)
rCorr    .         Harm     .   (no gloves)
MR       .....                  (no boots)
Stlth    ++........             (no amulet)
HPRegen  0.10/turn              g - ring of fire
MPRegen  0.12/turn              (no ring)

@: no status effects
A: no food or potions, fire vulnerability, cold resistance 1, negative energy
resistance 3, torment resistance, unbreathing
a: no special abilities


You were on level 4 of the Dungeon.
You were not hungry.

You visited 1 branch of the dungeon, and saw 4 of its levels.

You collected 78 gold pieces.

Inventory:

Hand Weapons
 b - a +1 dagger (weapon)
Missiles
 c - 12 poisoned needles
Armour
 a - a +0 robe (worn)
 k - a +1 helmet (worn)
Jewellery
 g - a ring of fire (left hand)
Scrolls
 f - 2 scrolls of magic mapping {!r}


   Skills:
 - Level 1.5 Dodging
 - Level 1.5 Stealth
 + Level 4.1 Spellcasting
 - Level 0.7 Conjurations
 * Level 4.1 Ice Magic


You had 3 spell levels left.
You knew the following spells:

 Your Spells              Type           Power        Failure   Level  Hunger
a - Freeze                Ice            ###.         3%          1    N/A
d - Throw Icicle          Conj/Ice       ##......     54%         4    N/A
z - Ozocubu's Armour      Chrm/Ice       #.......     22%         3    N/A

Your spell library contained the following spells:

 Spells                   Type           Power        Failure   Level  Hunger
 Throw Frost              Conj/Ice       ##....       10%         2    N/A
 Summon Ice Beast         Ice/Summ       #.......     58%         4    N/A

Dungeon Overview and Level Annotations

Branches:
Dungeon (4/15)
 Temple: D:4-7

Altars:
Elyvilon
Makhleb
Nemelex Xobeh
Uskayaw
Wu Jian


Innate Abilities, Weirdness & Mutations

You do not eat or drink.
Your flesh is vulnerable to fire.
You are immune to poison.
Your flesh is cold resistant. (rC+)
You are immune to negative energy. (rN+++)
You are immune to unholy pain and torment.
You can survive without breathing.


Message History

You can't see any susceptible monsters within range! (Use Z to cast anyway.)
Casting: Freeze (safe; 3% risk of failure)
Confirm with . or Enter, or press ? or * to list all spells.
You can't see any susceptible monsters within range! (Use Z to cast anyway.)
Casting: Freeze (safe; 3% risk of failure)
Confirm with . or Enter, or press ? or * to list all spells.
You can't see any susceptible monsters within range! (Use Z to cast anyway.)
Casting: Freeze (safe; 3% risk of failure)
Confirm with . or Enter, or press ? or * to list all spells.
You can't see any susceptible monsters within range! (Use Z to cast anyway.)
The bullfrog skeleton misses you.
Casting: Freeze (safe; 3% risk of failure)
Confirm with . or Enter, or press ? or * to list all spells.
Aiming: Freeze (safe; 3% risk of failure)
Press: ? - help, Shift-Dir - straight line, f - bullfrog skeleton
Aim: a bullfrog skeleton You freeze the bullfrog skeleton.
The bullfrog skeleton resists.
The bullfrog skeleton is lightly damaged.
The bullfrog skeleton hits you.
* * * LOW HITPOINT WARNING * * *
You hit the bullfrog skeleton.
The bullfrog skeleton is lightly damaged.
The bullfrog skeleton hits you.
* * * LOW HITPOINT WARNING * * *
The jackal bites you.
* * * LOW HITPOINT WARNING * * *
The bullfrog skeleton barely misses you.
Casting: Freeze (safe; 3% risk of failure)
Confirm with . or Enter, or press ? or * to list all spells.
Aiming: Freeze (safe; 3% risk of failure)
Press: ? - help, Shift-Dir - straight line, f/p - bullfrog skeleton
Aim: a bullfrog skeleton (lightly damaged)
You freeze the bullfrog skeleton.
The bullfrog skeleton resists.
The bullfrog skeleton is moderately damaged.
The jackal barely misses you. The bullfrog skeleton hits you.
* * * LOW HITPOINT WARNING * * *
You are too injured to fight recklessly!
The jackal barely misses you.
The jackal bites you but does no damage.
The jackal bites you.
* * * LOW HITPOINT WARNING * * *
The bullfrog skeleton hits you.
* * * LOW HITPOINT WARNING * * *
Okay, then.
The jackal barely misses you. The bullfrog skeleton hits you.
* * * LOW HITPOINT WARNING * * *
The jackal barely misses you. The jackal closely misses you.
The jackal bites you but does no damage.
Your magical contamination has completely faded away.
Casting: Freeze (safe; 3% risk of failure)
Confirm with . or Enter, or press ? or * to list all spells.
Aiming: Freeze (safe; 3% risk of failure)
Press: ? - help, Shift-Dir - straight line, f - jackal, p - bullfrog skeleton
Aim: a jackal You freeze the jackal.
You kill the jackal!
The bullfrog skeleton closely misses you.
The bullfrog skeleton closely misses you.
The bullfrog skeleton hits you but does no damage.
The bullfrog skeleton completely misses you.
The bullfrog skeleton hits you!
You die...

##.....## ##.......## *********
#.........# *,,,,,,,, #.........#
*,,,,,,,, #.........#
*####,,,,,,,, ######.........#
##...,,,,,,,,* ...............#
#..#**,,,,,,*,
######.........#####.#* *,,,,,*,,
...###.........#@Z...######*,,*,≈
....##...........##.....#..,,,*≈,
.....#.........##.......#.#**,*≈,
.....#......#######.....#.# *,*≈,
...........##≈≈≈.#####..#.# *,*,≈
...........###≈≈≈.#####...###.#,,
...........##∩_...'.##.......#.*,
##...(....####≈≈≈.#...........#,*
#........# #≈≈≈.###...........#,


You could see a bullfrog skeleton.

Vanquished Creatures
  2 hounds (D:4)
  An iguana (D:4)
  A shadow imp (D:4)
  An adder skeleton (D:4)
  A dart slug (D:4)
  4 leopard geckos
  A bat (D:1)
  2 giant cockroaches
  7 goblins
  A hobgoblin (D:3)
  2 jackals (D:4)
  3 kobolds
  2 quokkas (D:4)
  3 frilled lizards
  3 rats
34 creatures vanquished.

Notes
Turn   | Place    | Note
-------+----------+-------------------------------------------
     0 | D:1      | Amnesiac the Mummy Ice Elementalist began the quest for the
                  | Orb.
     0 | D:1      | Reached XP level 1. HP: 13/13 MP: 4/4
    71 | D:1      | Reached XP level 2. HP: 5/19 MP: 0/5
   699 | D:4      | Reached XP level 3. HP: 20/24 MP: 4/7
   966 | D:4      | Found a hide-covered altar of Uskayaw.
  1024 | D:4      | Reached XP level 4. HP: 30/30 MP: 7/9
  1053 | D:4      | Learned a level 3 spell: Ozocubu's Armour
  1058 | D:4      | Learned a level 4 spell: Throw Icicle
  1132 | D:4      | Found an ornate altar of the Wu Jian Council.
  1133 | D:4      | Found a white marble altar of Elyvilon.
  1146 | D:3      | Found a sparkling altar of Nemelex Xobeh.
  1415 | D:4      | Found a burning altar of Makhleb.
  1497 | D:4      | Slain by a bullfrog skeleton

Vault maps used:
D:1:      ebering_hopf_link
D:3:      nemelex_xobeh_ov_fountains_minmay,
          nicolae_gozag_cash_rules_everything_around_me, first_ration,
          wad_woods_river_04
D:4:      makhleb_grotto_becter, gammafunk_temple_overflow_pools,
          lemuel_coloured_pillars_altar, nicolae_ru_awakened_eye, minmay_cut_off

Skill      XL: |  1  2  3  4 |
---------------+-------------+-----
Ice Magic      | 3 4 |  4.1
Spellcasting   | 3 4 |  4.1
Dodging        | |  1.5
Stealth        | |  1.5
Conjurations   | |  0.7

Action                   |  1- 3 |  4- 6 || total
-------------------------+-------+-------++-------
Melee: Unarmed           |     4 |       ||     4
       Dagger            |     7 |    24 ||    31
 Cast: Freeze            |    39 |    17 ||    56
  Use: Scroll            |       |     7 ||     7
 Stab: Sleeping          |     1 |       ||     1
Armor: Robe              |     3 |     8 ||    11
Dodge: Dodged            |    25 |    30 ||    55

Table legend:
 A = Non-vault XP
 B = Vault XP
 C = Vault XP percentage of total XP
 D = Non-vault monster count
 E = Vault monster count
 F = Vault count percentage of total count
                 A         B        C        D         E       F
            +---------+---------+-------+---------+---------+-------
      Total |     183 |      11 |   5.7 |      33 |       1 |   2.9
            +---------+---------+-------+---------+---------+-------
        D:1 |      20 |       0 |   0.0 |      12 |       0 |   0.0
        D:2 |       7 |       0 |   0.0 |       5 |       0 |   0.0
        D:3 |      12 |       0 |   0.0 |       5 |       0 |   0.0
        D:4 |     144 |      11 |   7.1 |      11 |       1 |   8.3
            +---------+---------+-------+---------+---------+-------
